cohdb
Replays
Latest Replays
All Replays
Popular Replays
Top Player Replays
Match Explorer
How It Works
Community
CoH3 Stats
Reddit
Sign in to upload your games and track your stats! →
Sign in with Steam
Match 39627572
Unlisted
Match 39627572
Overview
Messages
Build Orders
End
Kradschützen Motorcycle Team
Panzergrenadier Squad
Panzergrenadier Squad
Panzergrenadier Squad
Construct Light Support Kompanie
Fire Support Elements
Flakvierling Half-track
2.5-tonne Medical Truck
Vehicle Survival Package
Construct Panzerarmee Kommand
Pak 38 Anti-tank Gun Team
Panzer III L Medium Tank
Selects Armored Support Battlegroup
Selects Salvage Kits
Selects Panzer Storm
Selects Stuka Dive Bomb
Selects Superior Fire Drills
Emergency Repair Kits
Stuka Dive Bomb
Walking Stuka Rocket Launcher
Panzer III L Medium Tank
Panzer Storm
Armored Reserves
Advanced Optics
Rapid Advance
Stuka Dive Bomb
Panzer Storm
Stuka Dive Bomb
StuG Assault Group
Panzer Storm
Esxile
pensss
DebaKLe
『BlackBear』
0
0
Comments
sign in to comment!
No comments posted yet!